AoeStats
← murcielagoschack

Arena

510149365Analyzed
1v1 RM · 3d ago on Sep 29, 2026· 50m 9s· 2 players
Game mode
Random Map
Map size
Tiny (2 player)
Population
200
Speed
Normal
Resources
Standard
Victory
Conquest
Starting age
Dark Age
Ending age
Imperial Age
RankedLock teamsTeams togetherTeam positionsShared explorationLock speedFull tech treeHidden civsTurbo modeCheats
Victory
Defeat
🇦🇷 Portuguese · Argentina
603
+16
🇩🇪 Chinese · Germany
607
-16
ferjerson
11:08 Feudal Age
12:10 Horse Collar
12:19 Double-Bit Axe
19:06 Castle Age
18:36 Gold Mining
19:29 Stone Mining
19:40 Fletching
20:26 Heavy Plow
25:26 Wheelbarrow
25:42 Padded Archer Armor
26:28 Scale Mail Armor
27:43 Bodkin Arrow
31:31 Imperial Age
30:18 Bow Saw
30:36 Ballistics
31:16 Fortified Wall
33:00 Heated Shot
35:46 Chemistry
34:42 Murder Holes
37:27 Leather Archer Armor
36:55 Elite Skirmisher
39:06 Crop Rotation
39:19 Ring Archer Armor
43:39 Scale Barding Armor
43:36 Bracer
45:36 Forging
46:51 Thumb Ring
47:21 Chain Mail Armor
47:45 Elite Organ Gun
murcielagoschack
0:32 Loom
11:00 Feudal Age
11:45 Double-Bit Axe
13:22 Wheelbarrow
20:44 Castle Age
18:44 Gold Mining
19:20 Fletching
24:32 Stone Mining
27:09 Town Watch
28:46 Bodkin Arrow
31:24 Imperial Age
28:55 Guard Tower
30:28 Bow Saw
31:19 Scale Barding Armor
32:32 Bloodlines
32:25 Husbandry
37:12 Conscription
37:53 Forging
37:45 Scale Mail Armor
38:28 Squires
39:31 Hand Cart
41:00 Cavalier
43:34 Pikeman
44:58 Chain Barding Armor
48:03 Town Patrol
Connection lost

Rejoining the realm…

Still unreachable

The connection could not be restored.

Session expired

The server has moved on; the page needs a fresh start.